 Dungeon Crawl Stone Soup version 0.25-a0-513-ge77a69270c (webtiles) character file.

Game seed: 7341654580013540919, levelgen mode: deterministic

953 Kohma the Chiller (level 7, -16/46 HPs)
             Began as a Vampire Ice Elementalist on Feb 16, 2020.
             Was an Initiate of Kikubaaqudgha.
             Demolished by an orc warrior
             ... wielding a +0 scimitar
              (21 damage)
             ... on level 6 of the Dungeon.
             The game lasted 00:21:30 (4423 turns).

Kohma the Chiller (Vampire Ice Elementalist)        Turns: 4423, Time: 00:21:30

Health: -16/46     AC:  4    Str:  8    XL:     7   Next: 90%
Magic:  11/13      EV: 14    Int: 19    God:    Kikubaaqudgha [......]
Gold:   260        SH:  5    Dex: 14    Spells: 8/14 levels left

rFire    . . .     SeeInvis +   o - +0 scimitar
rCold    . . .     Gourm    .   r - +0 buckler
rNeg     + . .     Faith    .   p - +0 leather armour
rPois    .         Spirit   .   C - +0 helmet
rElec    .         Reflect  .   n - scarf {repulsion}
rCorr    .         Harm     .   (no gloves)
MR       .....                  (no boots)
Stlth    ++........             (no amulet)
HPRegen  0.35/turn              f - ring of positive energy
MPRegen  0.13/turn              (no ring)

@: frozen ramparts, regenerating quickly, repel missiles
A: no food, fangs 3, see invisible, unbreathing
a: Exsanguinate, Renounce Religion


You were on level 6 of the Dungeon.
You worshipped Kikubaaqudgha.
Kikubaaqudgha was noncommittal.
You were alive.

You visited 2 branches of the dungeon, and saw 7 of its levels.

You collected 260 gold pieces.

Inventory:

Hand Weapons
 o - a +0 scimitar (weapon)
Missiles
 B - 7 poisoned darts (quivered)
 H - a throwing net
Armour
 n - a scarf of repulsion (worn)
 p - a +0 leather armour (worn)
 r - a +0 buckler (worn)
 C - a +0 helmet (worn)
 G - the +1 buckler of the Lily {Dex+4, unknown}
   (You found it on level 6 of the Dungeon)

   It affects your dexterity (+4).
Jewellery
 a - an uncursed amulet of rage {unknown}
 c - a cursed amulet of inaccuracy {unknown}
 f - a ring of positive energy (left hand)
Wands
 k - a wand of polymorph (6)
 l - a wand of digging (4)
 v - a wand of iceblast (3)
 x - a wand of paralysis (6)
 D - a wand of clouds (6)
Scrolls
 b - a scroll of fog
 g - a scroll of teleportation
 q - a scroll of remove curse
 s - 3 scrolls of amnesia
 t - a scroll of magic mapping
 y - a scroll of fear {unknown}
 F - a scroll of identify
Potions
 d - 2 potions of invisibility {unknown}
 e - 2 potions of magic
 h - 3 potions of curing
 i - a potion of flight {unknown}
 j - 3 potions of mutation
 m - a potion of might {unknown}
 u - a potion of lignification {unknown}
 w - 2 potions of agility {unknown}
 z - a potion of haste {unknown}
 A - a potion of heal wounds {unknown}
 E - a potion of brilliance {unknown}


   Skills:
 + Level 3.3 Long Blades
 - Level 5.0 Dodging
 - Level 3.0 Stealth
 * Level 3.0 Shields
 - Level 4.0 Spellcasting
 + Level 0.6 Necromancy
 - Level 6.1 Ice Magic


You had 8 spell levels left.
You knew the following spells:

 Your Spells              Type           Power        Failure   Level  Hunger
a - Freeze                Ice            ####         1%          1    N/A
b - Frozen Ramparts       Ice            ####..       5%          3    N/A
c - Blink                 Tloc           N/A          32%         2    N/A

Your spell library contained the following spells:

 Spells                   Type           Power        Failure   Level  Hunger
 Ozocubu's Armour         Chrm/Ice       ###.....     19%         3    N/A
 Magic Dart               Conj           #...         22%         1    N/A
 Call Imp                 Summ           #.......     32%         2    N/A
 Slow                     Hex            #.......     32%         2    N/A
 Hailstorm                Conj/Ice       ###.....     52%         4    N/A
 Summon Ice Beast         Ice/Summ       ###.....     52%         4    N/A
 Conjure Flame            Conj/Fire      #.......     54%         3    N/A
 Mephitic Cloud           Conj/Pois/Air  #.......     54%         3    N/A

Dungeon Overview and Level Annotations

Branches:
Dungeon (6/15)             Temple (1/1) D:4

Altars:
Cheibriados
Dithmenos
Elyvilon
Fedhas
Gozag
Hepliaklqana
Kikubaaqudgha
Okawaru
Qazlal
Ru
Sif Muna
Uskayaw
Vehumet
Wu Jian
Xom
Zin
The Shining One

Annotations:
D:3 3 runed translucent doors, Erk's ghost, amateur GnWr
D:4 3 runed translucent doors, demivan's ghost, amateur MiFi


Innate Abilities, Weirdness & Mutations

You do not eat.
Your natural rate of healing is unusually fast.
You have razor-sharp teeth.
You have supernaturally acute eyesight. (SInv)
You can survive without breathing.


Message History

You kill the orc!
Kikubaaqudgha accepts your kill.
The walls release a blast of icicles at the orc warrior!
The orc warrior is encased in ice.
You block the orc warrior's attack.
The walls release a blast of icicles at the orc!
You kill the orc!
Kikubaaqudgha accepts your kill.
Your Shields skill increases to level 3!
You hit the orc warrior.
The orc warrior is almost dead.
The walls release a blast of icicles at the orc warrior!
The orc warrior hits you with a +0 scimitar!
* * * LOW HITPOINT WARNING * * *
You completely miss the orc warrior.
The orc warrior is almost dead.
The orc warrior is no longer encased in ice.
The walls release a blast of icicles at the orc warrior!
The orc warrior hits you with a +0 scimitar!!
You die...
Kikubaaqudgha rasps: "You have failed me!
Welcome... death!"

#.#...))..##.#.#######
##.#.#####.##..........
#.............#'######
####.#####.##.........#
#.# #.##.......... #.#
.##.......... ## #.#
.##.......... .. #.#
#.......... .. #<# #.
#@###...... .. ###
#.##o###.##### ..
#.#)))...# .
#.#..######
####...>.......
#.........#####
#.........+ #.........#
#.........#


You could see an orc warrior.

Vanquished Creatures
  A phantom (D:6)
  An ogre (D:4)
  A bullfrog (D:6)
  A howler monkey (D:5)
  3 crimson imps (D:6)
  4 hounds
  A bullfrog skeleton (D:5)
  A gnoll shaman (D:6)
  Jessica (D:3)
  2 worker ants
  Ijyb (D:3)
  Terence (D:3)
  A hound zombie (D:6)
  2 worker ant zombies
  4 gnolls (D:6)
  6 adders
  3 oozes
  2 adder skeletons
  2 worms
  4 dart slugs
  3 leopard geckos
  14 orcs
  2 giant cockroaches
  11 goblins
  5 hobgoblins
  7 jackals
  7 kobolds
  3 quokkas
  3 ball pythons
  6 bats
  5 frilled lizards
  A jackal skeleton (D:6)
  2 leopard gecko zombies
  10 rats
121 creatures vanquished.

Notes
Turn   | Place    | Note
-------+----------+-------------------------------------------
     0 | D:1      | Kohma the Vampire Ice Elementalist began the quest for the
                  | Orb.
     0 | D:1      | Reached XP level 1. HP: 13/13 MP: 3/3
     7 | D:1      | Noticed a merfolk zombie
    11 | D:1      | Noticed a minotaur zombie
    17 | D:1      | Noticed a merfolk zombie
   177 | D:1      | Reached XP level 2. HP: 16/19 MP: 0/5
   866 | D:2      | Reached XP level 3. HP: 19/24 MP: 6/6
   871 | D:2      | Learned a level 3 spell: Frozen Ramparts
  1340 | D:2      | Reached XP level 4. HP: 26/30 MP: 7/7
  1570 | D:3      | Noticed Terence
  1584 | D:3      | Killed Terence
  1584 | D:3      | Reached skill level 5 in Ice Magic
  1827 | D:3      | Found a runed translucent gate.
  1828 | D:3      | Found a runed translucent gate.
  1829 | D:3      | Found a runed translucent gate.
  1830 | D:3      | Noticed Erk's ghost (amateur GnWr)
  2008 | D:3      | Noticed Jessica
  2018 | D:3      | Killed Jessica
  2018 | D:3      | Reached XP level 5. HP: 35/35 MP: 6/9
  2063 | D:3      | Reached skill level 1 in Long Blades
  2155 | D:3      | Noticed Ijyb
  2172 | D:3      | Killed Ijyb
  2393 | D:3      | You fall into a shaft and drop 3 floors!
  2483 | D:6      | Reached XP level 6. HP: 41/41 MP: 6/10
  2503 | D:5      | Entered Level 5 of the Dungeon
  2534 | D:5      | Reached skill level 6 in Ice Magic
  2884 | D:5      | Reached XP level 7. HP: 31/46 MP: 12/12
  2917 | D:6      | Reached skill level 1 in Shields
  3449 | D:4      | Found a staircase to the Ecumenical Temple.
  3638 | Temple   | Entered the Ecumenical Temple
  3644 | Temple   | Became a worshipper of Kikubaaqudgha
  3704 | D:4      | Found a runed translucent gate.
  3708 | D:4      | Found a runed translucent gate.
  3708 | D:4      | Found a runed translucent gate.
  3709 | D:4      | Noticed demivan's ghost (amateur MiFi)
  4150 | D:5      | Found a hazy altar of Hepliaklqana.
  4168 | D:5      | Learned a level 2 spell: Blink
  4357 | D:6      | Got a pitted buckler
  4363 | D:6      | Reached skill level 5 in Dodging
  4423 | D:6      | Demolished by an orc warrior

Levels and vault maps discovered:
D:1:      shiori_arrival_whats_in_store_for_you, layout_loops_ring,
          serial_bayou_pond_d
D:2:      layout_loops_cross, first_ration
D:3:      layout_basic, gammafunk_ghost_necromancy, uniq_jessica, uniq_terence,
          uniq_ijyb
D:4:      layout_loops_corners, minmay_temple_entry_glassed_door,
          gammafunk_ghost_necromancy
D:5:      layout_rooms, kennysheep_mini_moat
D:6:      layout_basic
Temple:   nicolae_temple_x_marks_the_god

Skill      XL: |  1  2  3  4  5  6  7 |
---------------+----------------------+-----
Dodging        | 3 4 5 |  5.0
Ice Magic      | 5 6 |  6.1
Long Blades    | 1 2 3 |  3.3
Spellcasting   | 3 4 |  4.0
Shields        | 3 |  3.0
Stealth        | |  3.0
Necromancy     | |  0.6

Action                   |  1- 3 |  4- 6 |  7- 9 || total
-------------------------+-------+-------+-------++-------
Melee: Unarmed           |     6 |       |       ||     6
       Short sword       |    44 |    10 |       ||    54
       Bite              |     2 |    10 |     7 ||    19
       Scimitar          |       |    89 |    86 ||   175
 Cast: Freeze            |    25 |    11 |       ||    36
       Frozen Ramparts   |     3 |    22 |     9 ||    34
Evoke: Wand              |       |     1 |       ||     1
  Use: Scroll            |       |       |     8 ||     8
 Stab: Sleeping          |     3 |     1 |     4 ||     8
       Distracted        |     1 |       |       ||     1
Armor: Robe              |    16 |     3 |       ||    19
       Leather armour    |       |    33 |    19 ||    52
Dodge: Dodged            |    46 |   132 |    61 ||   239
       Deflected         |       |     2 |     1 ||     3
Block: Buckler           |       |       |     9 ||     9
       Rpst.: Scimitar   |       |    33 |    20 ||    53

Table legend:
 A = Non-vault XP
 B = Vault XP
 C = Vault XP percentage of total XP
 D = Non-vault monster count
 E = Vault monster count
 F = Vault count percentage of total count
                 A         B        C        D         E       F
            +---------+---------+-------+---------+---------+-------
      Total |    1253 |     109 |   8.0 |     118 |       3 |   2.5
            +---------+---------+-------+---------+---------+-------
        D:1 |      27 |       0 |   0.0 |      17 |       0 |   0.0
        D:2 |      83 |       0 |   0.0 |      27 |       0 |   0.0
        D:3 |      53 |     109 |  67.3 |      20 |       3 |  13.0
        D:4 |     269 |       0 |   0.0 |      10 |       0 |   0.0
        D:5 |     244 |       0 |   0.0 |      16 |       0 |   0.0
        D:6 |     577 |       0 |   0.0 |      28 |       0 |   0.0
            +---------+---------+-------+---------+---------+-------
